 Dungeon Crawl Stone Soup version 0.31-a0-435-g2c6fae2916 (webtiles) character file.

Game seed: 17273723161443252185

2 nono the Sneak (level 1, 0/3 (18) HPs)
             Began as a Formicid Delver on Aug 1, 2023.
             Was an Initiate of Okawaru.
             Succumbed to an adder's poison
             ... on level 3 of the Dungeon.
             The game lasted 00:04:24 (617 turns).

nono the Sneak (Formicid Delver)                     Turns: 617, Time: 00:04:24

HP:   0/3 (18)      AC:  3    Str: 16    XL:     1   Next: 44%
MP:   1/1           EV: 12    Int:  9    God:    Okawaru [......]
Gold: 54            SH:  0    Dex: 15    Spells: 0/0 levels left

rFire   . . .        a - +0 hand axe
rCold   + . .        (no shield)
rNeg    . . .        b - +0 leather armour
rPois   .            (helmet unavailable)
rElec   .            (no cloak)
rCorr   +            (no gloves)
SInv    +            (no boots)
Will    .....        (no amulet)
Stlth   +++          d - ring of resist corrosion
HPRegen 0.20/turn    e - ring of protection from cold
MPRegen 0.07/turn

%: no passive effects
@: lethally poisoned (0 -> -6), extremely drained
A: permanent stasis, dig shafts and tunnels, antennae 3, four strong arms
a: Dig, Shaft Self, Renounce Religion


You were on level 3 of the Dungeon.
You worshipped Okawaru.
Okawaru was noncommittal.
You visited 2 branches of the dungeon, and saw 4 of its levels.

You collected 54 gold pieces.

Inventory:

Hand Weapons
 a - a +0 hand axe (weapon)
Armour
 b - a +0 leather armour (worn)
Jewellery
 d - a ring of resist corrosion (left hand)
 e - a ring of protection from cold (right hand)
Wands
 f - a wand of digging (3)
Scrolls
 c - a scroll of fog


   Skills:
 + Level 3.3 Fighting
 + Level 2.0 Axes
 + Level 1.8 Dodging
 + Level 6.0 Stealth


You couldn't memorise any spells.
You didn't know any spells.
Your spell library was empty.

Dungeon Overview and Level Annotations

Branches:
Dungeon (5/15)             Temple (1/1) D:5

Altars:
Cheibriados
Dithmenos
Elyvilon
Fedhas
Kikubaaqudgha
Makhleb
Nemelex Xobeh
Okawaru
Uskayaw
Wu Jian
Zin
The Shining One

Portals:
Sewer: D:3

Annotations:
D:5 Edmund


Innate Abilities, Weirdness & Mutations

You cannot be hasted, slowed, berserked, paralysed or teleported.
You can dig through walls and to a lower floor.
You have a pair of large antennae on your head. (SInv)
Your four strong arms can wield two-handed weapons with a shield.


Message History

You slash the ball python!
You kill the ball python!
Okawaru accepts your kill.
You start resting.
HP restored.
Found a long sword.
A giant cockroach comes into view.
Found 9 gold pieces.
You hear the slow rusting of a drain very nearby.
You barely miss the giant cockroach. The giant cockroach closely misses you.
You hit the giant cockroach.
The giant cockroach is severely wounded.
The giant cockroach misses you.
The giant cockroach bites you but does no damage.
You barely miss the giant cockroach.
The giant cockroach is severely wounded.
The giant cockroach barely misses you.
You hit the giant cockroach.
You kill the giant cockroach!
Okawaru accepts your kill.
You start resting.
HP restored.
You start waiting.
You hear the slow rusting of a drain nearby.
You see here a giant cockroach corpse.
Found a club.
Found a glowing drain.
An adder comes into view.
Found a dark potion.
The adder hisses angrily.
A giant cockroach comes into view.
A rat comes into view.
You barely miss the adder. The adder misses you.
You hit the adder.
The adder is lightly wounded.
The adder bites you.
You are lethally poisoned!
The adder poisons you! The adder misses you.
You hit the adder.
The adder is heavily wounded.
Ouch! That really hurt!
You die...

############# #...........#
#...........# #
#...........########
..+..............†...#
......)........#####.#
...............#####.#######
.~~~B.........S@>......#...#
~~~~~....###...#.###.#.#.#.#
~~∩~~....# ###.#.# #.#...#.#
r~~~~$..)# ###.# #.#####.#
.~~~.....# #.# #....##.#
.........# #.# ####.##.#
.........# #.# #.##.#
######...# #.# #.##.# #...#
#.##.#


You could see an adder.

Vanquished Creatures
  A ball python (D:3)
  A giant cockroach (D:3)
2 creatures vanquished.

Notes
Turn   | Place    | Note
-------+----------+-------------------------------------------
     0 | D:5      | nono the Formicid Delver began the quest for the Orb.
     0 | D:5      | Reached XP level 1. HP: 18/18 MP: 1/1
     1 | D:5      | Noticed a water moccasin
    45 | D:5      | Found a staircase to the Ecumenical Temple.
    54 | Temple   | Entered the Ecumenical Temple
    76 | Temple   | Became a worshipper of Warmaster Okawaru
   213 | D:5      | Noticed a jelly
   409 | D:5      | Noticed Edmund
   603 | D:3      | Found a glowing drain.
   617 | D:3      | Succumbed to an adder's poison

Illustrated notes

Levels and vault maps discovered:
D:3:      layout_basic, portal_sewer_entry_a
D:4:      layout_loops_ring
D:5:      layout_cave_pods, dk_xom_monty_hall, minitemple,
          minmay_temple_entry_tees, uniq_edmund
Temple:   nicolae_temple_x_marks_the_god

Action                     || total
---------------------------++-------
  Melee: Hand axe          ||     8
Ability: Dig               ||     3
    Use: Scroll            ||     2
 Armour: Leather armour    ||     1
  Dodge: Dodged            ||     5

Table legend: (Time is in decaauts)
 A = Elapsed time spent in this place.
 B = Non-inter-level travel time spent in this place.
 C = Inter-level travel time spent in this place.
 D = Time resting spent in this place.
 E = Time spent auto-exploring this place.
 F = Levels seen in this place.
 G = Mean time per level.
                   A        B        C        D        E       F      G
               +--------+--------+--------+--------+--------+-----+--------+
         Total |    617 |    372 |    245 |     39 |      1 |   4 |  154.2 |
       Dungeon |    584 |    365 |    219 |     39 |      1 |   3 |  194.7 |
        Temple |     32 |      6 |     26 |      0 |      0 |   1 |   32.0 |
               +--------+--------+--------+--------+--------+-----+--------+

Top non-repeatable levels by time:
     D:5: 420 daAuts
     D:3: 124 daAuts
     D:4: 39 daAuts
  Temple: 32 daAuts
